 Dungeon Crawl Stone Soup version 0.31-a0-354-g827e0957a7 (webtiles) character file.

Game seed: 16428254582239307384

7632 Gelion the Mimic (level 10, -7/153 HPs)
             Began as a Troll Shapeshifter on July 23, 2023.
             Was a Believer of Trog.
             Mangled by a large abomination (38 damage)
             ... on level 9 of the Dungeon.
             The game lasted 00:18:48 (6718 turns).

Gelion the Mimic (Troll Shapeshifter)               Turns: 6718, Time: 00:18:48

Health: -7/153     AC:  2    Str: 25    XL:     10   Next: 98%
Magic:  9/9        EV: 10    Int:  4    God:    Trog [**....]
Gold:   36         SH:  5    Dex: 20    Spells: 9/9 levels left

rFire   . .          .
                       - Unarmed
rCold   . . .        (no shield)
rNeg    . . .        (body armour currently unavailable)
rPois   .            (helmet restricted)
rElec   .            (no cloak)
rCorr   .            (gloves unavailable)
SInv    +            (boots unavailable)
Will    ++...        a - amulet of reflection Stlth
                     n - +6 ring of dexterity
HPRegen 2.25/turn    E - ring of see invisible
MPRegen 0.11/turn

%: reflection
@: mighty, berserking (expiring), maw-form, strong-willed (expiring),
regenerating (expiring), hasted, very quick
A: devouring maw, large, unfitting armour, claws 3, regeneration 1, shaggy fur
1, tough skin 1
a: Begin Untransformation, Renounce Religion, Berserk, Trog's Hand


You were on level 9 of the Dungeon.
You worshipped Trog.
Trog was pleased with you.
You were a creature with a mouth for a stomach.
You visited 2 branches of the dungeon, and saw 10 of its levels.
You also visited: Ossuary and Bailey.

You collected 516 gold pieces.
You spent 480 gold pieces at shops.

Inventory:

Missiles
 x - 4 javelins
Armour
 j - a +1 troll leather armour {Pargi}
 y - +1 ice dragon scales
 A - a +0 kite shield of protection
Jewellery
 a - an amulet of reflection (around neck)
 n - a +6 ring of dexterity (left claw)
 C - a ring of protection from cold
 E - a ring of see invisible (right claw)
 J - a +5 ring of evasion
Talismans
 c - a beast talisman
 G - a maw talisman
Wands
 h - a wand of charming (14)
 i - a wand of quicksilver (10)
 r - a wand of polymorph (9)
 D - a wand of digging (6)
 H - a wand of iceblast (3)
Scrolls
 e - 3 scrolls of enchant armour
 l - a scroll of immolation
 m - 5 scrolls of teleportation
 p - 2 scrolls of vulnerability
 u - a scroll of blinking
 v - a scroll of poison
 z - a scroll of enchant weapon
 F - a scroll of silence
 I - a scroll of brand weapon
Potions
 b - a potion of lignification
 d - 3 potions of curing
 f - 5 potions of brilliance
 g - a potion of invisibility
 o - 3 potions of attraction
 q - 2 potions of haste
 s - a potion of cancellation
 t - 2 potions of enlightenment
 w - 3 potions of heal wounds
 B - 2 potions of berserk rage


   Skills:
 + Level 7.1 Fighting
 - Level 1.5 Dodging
 + Level 9.1 Unarmed Combat
 * Level 10.6 Shapeshifting


You had 9 spell levels left.
You didn't know any spells.
Your spell library contained the following spells:

 Spells                   Type           Power      Damage    Failure   Level
 Kiss of Death            Conj/Necr      0%         2d5       50%         1
 Summon Small Mammal      Summ           0%         N/A       50%         1
 Blink                    Tloc           0%         N/A       65%         2
 Lesser Beckoning         Tloc           0%         N/A       65%         2
 Momentum Strike          Conj/Tloc      0%         3d8       65%         2
 Call Canine Familiar     Summ           0%         N/A       86%         3
 Confusing Touch          Hex            0%         N/A       86%         3
 Summon Guardian Golem    Hex/Summ       0%         N/A       86%         3
 Dispel Undead            Necr           0%         3d6       99%         4


Dungeon Overview and Level Annotations

Branches:
Dungeon (9/15)             Temple (1/1) D:5         Ossuary (visited)
 Bailey (visited)
   Lair: D:8-11         Orc: D:9-12

Altars:
Ashenzari
Cheibriados
Dithmenos
Elyvilon
Fedhas
Gozag
Hepliaklqana
Kikubaaqudgha
Makhleb
Nemelex Xobeh
Okawaru
Qazlal
Ru
Sif Muna
Trog
Uskayaw
Vehumet
Wu Jian
Xom
Yredelemnul
Zin
The Shining One

Shops:
D:1 ![:(   D:4 *   D:5 =   D:6 =

Annotations:
D:5 2 transporters, BrainTurd's ghost, novice GrEE


Innate Abilities, Weirdness & Mutations

You are a creature with a mouth for a stomach.
Your midsection houses a second, enormous mouth.
You are too large for most types of armour.
You have claws for hands.
Your natural rate of healing is unusually fast.
You are covered in fur. (AC +1)
You have tough skin. (AC +1)


Message History

You mangle the small abomination!! You bite the small abomination.
You destroy the small abomination!
Trog accepts your kill.
Your Unarmed Combat skill increases to level 9!
You claw the small abomination!
The small abomination is heavily damaged.
You scratch the small abomination.
The small abomination is severely damaged.
The small abomination barely misses you.
You mangle the small abomination!!
You destroy the small abomination!
Trog accepts your kill.
You claw the small abomination!
The small abomination is heavily damaged.
You claw the small abomination!
You destroy the small abomination!
Trog accepts your kill.
You closely miss the small abomination. You barely miss the small abomination.
Your bite misses the small abomination.
The small abomination barely misses you.
You closely miss the small abomination. Your claw misses the small abomination.
You bite the small abomination!
The small abomination is heavily damaged.
The small abomination hits you!
You claw the small abomination!
You destroy the small abomination!
Trog accepts your kill.
You feel the effects of Trog's Hand fading.
The large abomination hits you!!
* * * LOW HITPOINT WARNING * * *
You claw the large abomination! You bite the large abomination!
The large abomination is severely damaged.
You mangle the large abomination!!
You destroy the large abomination!
Trog accepts your kill.
You barely miss the large abomination. You claw the large abomination!
You bite the large abomination!
The large abomination is moderately damaged.
The large abomination hits you!!!
You die... ###### ### #....#xX.# #....'X..# #.)..#..X# #..x.# xX#

###....# ##
#.x....# #X#....#
... #W#....# ....
#.##########....
#................
####...:.........
##...........#
#...........#
#...........#
####........#
#........#


You could see a large abomination and a small abomination.

Vanquished Creatures
  A two-headed ogre (D:9)
  Amaemon (D:8)
  A wizard (D:9)
  A large abomination (D:9)
  An orange demon (D:8)
  Maggie (D:9)
  2 wyverns
  3 yaks (D:9)
  A steam dragon (D:8)
  A water moccasin (D:6)
  7 orc warriors
  2 sky beasts
  3 ice beasts
  Pargi (D:3)
  A wolf (Bailey)
  An ogre (D:6)
  A kobold brigand (D:8)
  3 bullfrogs
  5 small abominations (D:9)
  A scorpion (D:6)
  10 wights
  5 killer bees (D:6)
  6 howler monkeys
  An electric eel (D:6)
  A vampire bat (D:8)
  A jelly (D:8)
  4 orc priests
  A gnoll bouda (D:6)
  4 hounds
  4 iguanas
  A sleepcap (D:6)
  Ijyb (D:4)
  Natasha (thrice) (D:2)
  4 orc wizards
  12 mummies
  6 gnolls
  5 adders
  A shadow imp (D:5)
  A white imp (D:7)
  An ufetubus (D:5)
  A worm (D:2)
  2 dart slugs
  30 orcs
  14 bats
  10 endoplasms
  3 giant cockroaches
  7 hobgoblins
  5 quokkas
  3 ball pythons
  5 frilled lizards
  A gnoll skeleton (Ossuary)
  9 goblins
  3 goblin skeletons (Ossuary)
  2 goblin zombies (D:4)
  13 kobolds
  2 kobold skeletons (Ossuary)
  2 orc skeletons (Ossuary)
  A rat (D:2)
  11 rat skeletons (Ossuary)
  A spectral kobold (D:5)
235 creatures vanquished.

Notes
Turn   | Place    | Note
-------+----------+-------------------------------------------
     0 | D:1      | Gelion the Troll Shapeshifter began the quest for the Orb.
     0 | D:1      | Reached XP level 1. HP: 18/18 MP: 0/0
     5 | D:1      | Found Jirurr's Antique Weapon Emporium.
    12 | D:1      | Found Doreor's Book Boutique.
    36 | D:1      | Reached skill level 1 in Fighting
   154 | D:1      | Reached XP level 2. HP: 27/27 MP: 1/1
   182 | D:1      | Found Fyineow's Antique Armour Shoppe.
   312 | D:1      | Found Zehackeu's Distillery.
   508 | D:1      | You fall into a shaft and drop 1 floor!
   668 | D:2      | Reached XP level 3. HP: 33/33 MP: 2/2
   816 | D:2      | Noticed Natasha
   825 | D:2      | Killed Natasha
   901 | D:2      | Reached XP level 4. HP: 41/41 MP: 3/3
   913 | D:2      | Noticed Natasha
   926 | D:2      | Killed Natasha
  1095 | D:2      | Reached skill level 4 in Shapeshifting
  1181 | D:2      | Noticed Natasha
  1189 | D:2      | Killed Natasha
  1369 | D:3      | Noticed Pargi
  1382 | D:3      | Killed Pargi
  1383 | D:3      | Reached XP level 5. HP: 49/49 MP: 4/4
  1617 | D:3      | Found a sparkling altar of Nemelex Xobeh.
  1815 | D:3      | Found a bloodstained altar of Trog.
  1924 | D:4      | Found a sand-covered staircase.
  1931 | D:4      | Reached XP level 6. HP: 55/59 MP: 5/5
  1933 | Ossuary  | Entered an ossuary
  2124 | Ossuary  | Reached skill level 5 in Shapeshifting
  2413 | D:4      | Found a basalt altar of Yredelemnul.
  2439 | D:4      | Noticed Ijyb
  2445 | D:4      | Killed Ijyb
  2490 | D:4      | Found Zin's Purification Station.
  2497 | D:4      | Found a glowing silver altar of Zin.
  2884 | D:4      | Reached XP level 7. HP: 67/67 MP: 6/6
  2994 | D:5      | Entered Level 5 of the Dungeon
  3039 | D:5      | Found Ydokh's Jewellery Boutique.
  3064 | D:5      | Found a transporter.
  3065 | D:5      | Noticed BrainTurd's ghost (novice GrEE)
  3092 | D:5      | Reached skill level 5 in Unarmed Combat
  3260 | D:5      | Found a transporter.
  3272 | D:5      | Found a shimmering blue altar of Sif Muna.
  3325 | D:5      | Reached skill level 6 in Shapeshifting
  3486 | D:5      | Found a staircase to the Ecumenical Temple.
  3585 | D:5      | Found a hazy altar of Hepliaklqana.
  3751 | Temple   | Entered the Ecumenical Temple
  3829 | D:3      | Became a worshipper of Trog the Wrathful
  3950 | D:6      | Reached XP level 8. HP: 74/78 MP: 7/7
  3966 | D:6      | Found Ubeuzadd's Jewellery Shop.
  4030 | D:6      | Found a sacrificial altar of Ru.
  4247 | D:6      | Found a blossoming altar of Fedhas.
  4252 | D:6      | Reached skill level 7 in Shapeshifting
  4253 | D:6      | Found an ancient bone altar of Kikubaaqudgha.
  4271 | D:6      | Found a snail-covered altar of Cheibriados.
  4273 | D:6      | Found a burning altar of Makhleb.
  4356 | D:6      | Reached * piety under Trog
  4652 | D:7      | Found a flagged portal.
  4663 | Bailey   | Entered a bailey
  4680 | Bailey   | Reached XP level 9. HP: 81/87 MP: 8/8
  4836 | Bailey   | Reached skill level 5 in Fighting
  4856 | Bailey   | Reached skill level 8 in Shapeshifting
  5034 | D:7      | Found a stormy altar of Qazlal.
  5523 | D:8      | Reached ** piety under Trog
  5573 | D:8      | Noticed an orange demon
  5574 | D:8      | Noticed Amaemon
  5607 | D:8      | Killed Amaemon
  5608 | D:8      | Reached skill level 9 in Shapeshifting
  5608 | D:8      | Reached XP level 10. HP: 84/98 MP: 9/9
  5613 | D:8      | Killed an orange demon
  6100 | D:5      | Bought a maw talisman for 480 gold pieces
  6228 | D:9      | Noticed Maggie
  6238 | D:9      | Killed Maggie
  6525 | D:9      | Noticed a two-headed ogre
  6537 | D:9      | Reached skill level 10 in Shapeshifting
  6542 | D:9      | Killed a two-headed ogre
  6671 | D:9      | Noticed a wizard
  6676 | D:9      | Killed a wizard
  6683 | D:9      | Noticed a large abomination
  6683 | D:9      | Noticed a large abomination
  6716 | D:9      | Killed a large abomination
  6718 | D:9      | Mangled by a large abomination

Illustrated notes

Levels and vault maps discovered:
D:1:      saegor_arrival_miasma, layout_rooms, serial_shops, shop,
          nicolae_shop_tiny_waterfront, shop, shop, grunt_decor_fettered
D:2:      layout_loops_cross, uniq_natasha
D:3:      layout_basic, nemelex_spade_bored_becter, trog_book, uniq_pargi
D:4:      layout_gridville, zin_purify,
          mainiacjoe_overflow_concentric_impassable, nicolae_ossuary_entry_giza,
          uniq_ijyb
D:5:      minmay_general_purpose_star, layout_cave_pools,
          nicolae_hepliaklqana_monster_ancestors,
          mainiacjoe_overflow_surrounded_room, minmay_temple_entry_poolview,
          gammafunk_ghost_arena, serial_shops, nicolae_shop_gaudy_bauble
D:6:      layout_rooms, grunt_temple_overflow_growth_and_decay,
          nicolae_ru_the_path_less_chosen, nicolae_overflow_hidden_temple,
          nicolae_stop_n_shop_2, minivault_14, nicolae_fountain_basement
D:7:      layout_basic, grunt_qazlal_sundering, enter_bailey_3
D:8:      layout_cave_pools, eino_tiny_chamber, roderic_batcave, uniq_amaemon
D:9:      layout_irregular_city, laboratory, uniq_maggie
Temple:   hellmonk_temple_micro_hex

Skill      XL: |  1  2  3  4  5  6  7  8  9 10 |
---------------+-------------------------------+-----
Fighting       | 1 2 3 4 6 7 |  7.1
Shapeshifting  | 4 5 6 7 9 10 | 10.6
Unarmed Combat | 4 5 6 7 9 |  9.1
Dodging        | |  1.5

Action                     |  1- 3 |  4- 6 |  7- 9 | 10-12 || total
---------------------------+-------+-------+-------+-------++-------
  Melee: Unarmed           |    59 |   152 |   256 |   107 ||   574
         Punch             |     4 |     4 |    10 |     5 ||    23
         Maw               |       |       |       |    11 ||    11
 Invoke: Berserk           |       |       |     1 |     1 ||     2
         Trog's Hand       |       |       |     1 |     1 ||     2
  Evoke: Wand              |       |       |     5 |       ||     5
    Use: Scroll            |       |    18 |     7 |     2 ||    27
         Potion            |       |     1 |     2 |     2 ||     5
   Stab: Sleeping          |       |     5 |     2 |       ||     7
 Armour: Animal skin       |    24 |    11 |       |       ||    35
         Troll leather arm |       |    11 |    74 |    16 ||   101
         Skin              |       |       |       |     4 ||     4
  Dodge: Dodged            |    21 |    45 |   117 |    45 ||   228
  Block: Other             |       |     9 |    56 |    11 ||    76
         Reflection        |       |       |     1 |       ||     1
   Form: Maw               |       |       |       |     1 ||     1

Table legend: (Time is in decaauts)
 A = Elapsed time spent in this place.
 B = Non-inter-level travel time spent in this place.
 C = Inter-level travel time spent in this place.
 D = Time resting spent in this place.
 E = Time spent auto-exploring this place.
 F = Levels seen in this place.
 G = Mean time per level.
                   A        B        C        D        E       F      G
               +--------+--------+--------+--------+--------+-----+--------+
         Total |   6660 |   5978 |    682 |     92 |   4476 |  12 |  555.0 |
       Dungeon |   5987 |   5305 |    682 |     54 |   4121 |   9 |  665.2 |
        Temple |      1 |      1 |      0 |      0 |      0 |   1 |    1.0 |
       Ossuary |    350 |    350 |      0 |     38 |    182 |   1 |  350.0 |
        Bailey |    320 |    320 |      0 |      0 |    173 |   1 |  320.0 |
               +--------+--------+--------+--------+--------+-----+--------+

Top non-repeatable levels by time:
     D:5: 921 daAuts
     D:4: 855 daAuts
     D:2: 713 daAuts
     D:8: 625 daAuts
     D:6: 623 daAuts
     D:3: 620 daAuts
     D:1: 574 daAuts
     D:7: 540 daAuts
     D:9: 512 daAuts
 Ossuary: 350 daAuts
  Bailey: 320 daAuts
  Temple: 1 daAuts
